Map: Magma Mines

Players

IMRakete

  • Race: Protoss Protoss
  • League: Diamond
  • Spawn Location: 3:00

NEXlFreeSaGA

  • Race: Terran Terran
  • Spawn Location: 1:00

Musumeci

  • Race: Zerg Zerg
  • League: Diamond
  • Spawn Location: 9:00

MichyMoko

  • Race: Zerg Zerg
  • Spawn Location: 11:00

VOD

Have the link to the VOD?

Description

Time

  • Played on: March 11, 2017, 12:43 p.m.
  • Length: 17:32
Show
View Real Time Build Order
Export as new Build Order

IMRakete Protoss 

Build Orders: 1 Gate Expand, Oracle Opening 

Get SALT Encoding   

  12  0:00  Probe (Chrono Boost)  
  13  0:11  Probe (Chrono Boost)  
  14  0:21  Pylon  
  14  0:23  Probe (Chrono Boost)  
  15  0:40  Probe (Chrono Boost)  
  16  0:43  Gateway  
  16  0:46  Assimilator  
  16  0:50  Probe (Chrono Boost)  
  17  1:01  Probe (Chrono Boost)  
  18  1:11  Probe (Chrono Boost)  
  19  1:22  Nexus  
  19  1:25  Probe (Chrono Boost)  
  20  1:38  Cybernetics Core, Probe (Chrono Boost)  
  21  1:44  Assimilator  
  21  1:49  Probe (Chrono Boost)  
  22  1:58  Pylon  
  22  1:59  Probe (Chrono Boost)  
  23  2:17  Mothership Core (Chrono Boost)  
  23  2:18  Adept  
  27  2:41  Probe x2 (Chrono Boost)  
  29  2:54  Adept  
  31  3:01  Stargate, Probe x2 (Chrono Boost)  
  33  3:08  Warp Gate  
  33  3:11  Probe (Chrono Boost)  
  34  3:19  Probe (Chrono Boost)  
  35  3:21  Adept  
  35  3:22  Probe (Chrono Boost)  
  35  3:23  Assimilator  
  35  3:26  Assimilator  
  38  3:29  Probe (Chrono Boost)  
  38  3:32  Probe (Chrono Boost)  
  40  3:39  Oracle, Pylon  
  40  3:40  Probe (Chrono Boost)  
  41  3:44  Probe (Chrono Boost)  
  45  3:50  Probe (Chrono Boost)  
  46  3:58  Probe (Chrono Boost)  
  46  3:59  Pylon  
  46  4:01  Probe (Chrono Boost)  
  49  4:11  Probe (Chrono Boost)  
  49  4:12  Adept  
  51  4:21  Probe (Chrono Boost)  
  51  4:23  Probe (Chrono Boost)  
  53  4:24  Pylon  
  53  4:27  Pylon  
  53  4:28  Phoenix  
  53  4:32  Probe (Chrono Boost)  
  56  4:40  Probe (Chrono Boost)  
  56  4:42  Probe (Chrono Boost)  
  58  4:50  Phoenix, Stargate  
  58  4:52  Fleet Beacon  
  59  4:53  Probe x2 (Chrono Boost)  
  62  5:10  Nexus  
  62  5:12  Pylon  
  62  5:14  Assimilator  
  62  5:18  Assimilator  
  62  5:27  Phoenix  
  64  5:51  Probe (Chrono Boost)  
  64  5:52  Phoenix  
  64  5:53  Probe (Chrono Boost)  
  64  5:55  Phoenix  
  70  6:03  Probe (Chrono Boost)  
  72  6:05  Probe (Chrono Boost)  
  72  6:06  Pylon  
  72  6:08  Pylon  
  72  6:11  Adept  
  72  6:13  Phoenix  
  72  6:15  Probe (Chrono Boost)  
  72  6:16  Phoenix  
  72  6:17  Probe (Chrono Boost)  
  78  6:18  Protoss Air Weapons Level 1  
  78  6:22  Stargate  
  78  6:35  Phoenix  
  80  6:40  Phoenix  
  82  6:55  Probe (Chrono Boost)  
  82  6:56  Probe x2 (Chrono Boost)  
  82  6:57  Phoenix  
  87  7:05  Probe (Chrono Boost)  
  89  7:08  Probe (Chrono Boost)  
  89  7:13  Probe (Chrono Boost)  
  88  7:16  Probe (Chrono Boost)  
  88  7:20  Probe (Chrono Boost)  
  90  7:25  Probe (Chrono Boost)  
  90  7:27  Probe (Chrono Boost)  
  92  7:30  Carrier  
  92  7:33  Carrier, Probe (Chrono Boost)  
  92  7:36  Tempest  
  93  7:39  Probe (Chrono Boost)  
  93  7:40  Adept, Probe (Chrono Boost)  
  117  7:52  Probe (Chrono Boost)  
  117  7:53  Probe (Chrono Boost)  
  117  8:03  Pylon  
  117  8:04  Pylon  
  117  8:07  Graviton Catapult  
  117  8:12  Adept, Probe (Chrono Boost)  
  115  8:15  Carrier  
  117  8:23  Pylon  
  117  8:24  Pylon  
  129  8:35  Nexus  
  129  8:37  Protoss Air Weapons Level 2  
  129  8:38  Pylon  
  129  8:41  Assimilator  
  129  8:44  Assimilator  
  129  8:45  Carrier  
  129  8:48  Carrier, Pylon  
  127  8:52  Pylon  
  139  9:05  Adept  
  139  9:09  Gateway  
  141  9:11  Gateway, Twilight Council  
  141  9:15  Gateway  
  141  9:17  Forge  
  135  9:42  Adept  
  135  9:45  Carrier  
  137  9:52  Probe x2 (Chrono Boost)  
  145  9:57  Stargate  
  145  9:59  Stargate  
  145  10:00  Carrier  
  145  10:05  Probe (Chrono Boost)  
  145  10:06  Probe (Chrono Boost)  
  145  10:07  Probe (Chrono Boost)  
  148  10:10  Pylon  
  154  10:17  Protoss Shields Level 1  
  151  10:24  Stalker x2  
  151  10:25  Stalker x2  
  158  10:39  Probe x2 (Chrono Boost)  
  158  10:41  Photon Cannon  
  160  10:43  Photon Cannon  
  155  10:56  Robotics Facility  
  154  11:07  Photon Cannon  
  154  11:09  Photon Cannon  
  156  11:11  Probe x2 (Chrono Boost)  
  156  11:13  Carrier x2  
  168  11:44  Probe (Chrono Boost)  
  168  11:46  Probe x3 (Chrono Boost)  
  172  11:50  Carrier  
  172  11:53  Phoenix  
  172  11:57  Observer  
  175  12:06  Adept  
  175  12:07  Adept x2  
  187  12:15  Photon Cannon  
  187  12:18  Observer  
  188  12:29  Nexus  
  188  12:30  Carrier  
  188  12:32  Pylon  
  188  12:33  Pylon  
  188  12:35  Assimilator  
  188  12:37  Assimilator  
  188  12:40  Observer  
  161  13:01  Carrier x3, Observer  
  161  13:04  Carrier  
  166  13:20  Protoss Air Weapons Level 3  
  158  13:37  Protoss Shields Level 2  
  158  13:45  Carrier  
  140  14:26  Carrier x2  
  140  14:27  Carrier  
  140  14:28  Carrier  
  158  14:40  Stargate  
  158  14:45  Observer  
  165  14:59  Carrier  
  165  15:05  Pylon  
  165  15:06  Observer  
  172  15:27  Carrier  
  178  15:52  Carrier x2  
  178  15:55  Carrier  
  164  16:06  Carrier  
Show
View Real Time Build Order
Export as new Build Order

NEXlFreeSaGA Terran 

Build Orders: Reaper Expand, Mech 

Get SALT Encoding   

  12  0:01  SCV  
  13  0:13  SCV  
  14  0:21  Supply Depot  
  14  0:25  SCV  
  15  0:30  Refinery  
  15  0:43  SCV  
  15  0:46  Barracks  
  16  0:55  SCV  
  17  1:07  SCV  
  18  1:19  SCV  
  19  1:33  Orbital Command, Reaper  
  20  1:52  Command Center  
  20  2:00  Supply Depot  
  20  2:03  SCV  
  21  2:17  Barracks Reactor, Factory  
  21  2:21  SCV  
  22  2:27  Refinery  
  22  2:33  SCV  
  23  2:45  SCV  
  24  2:56  Marine  
  24  2:57  SCV, Marine  
  27  3:01  Factory Tech Lab  
  27  3:03  Orbital Command, Starport  
  27  3:09  SCV  
  28  3:17  Marine x2  
  30  3:21  Siege Tank  
  30  3:22  SCV  
  34  3:31  Orbital Command  
  34  3:38  SCV, Marine x2  
  37  3:44  Starport Tech Lab  
  37  3:50  SCV  
  37  3:53  Siege Tank  
  41  3:56  Marine x2  
  41  3:58  SCV  
  41  4:02  Supply Depot  
  44  4:03  Supply Depot  
  42  4:13  SCV x2  
  42  4:21  Refinery  
  42  4:22  Refinery  
  42  4:25  SCV x2, Siege Tank  
  42  4:31  Factory  
  47  4:37  SCV x2  
  49  4:38  Marine x2  
  51  4:49  SCV  
  52  4:57  Siege Tank  
  55  5:02  SCV x2  
  55  5:05  Barracks Reactor  
  57  5:11  Supply Depot  
  57  5:14  SCV x2  
  57  5:16  Factory Tech Lab  
  59  5:22  Supply Depot  
  59  5:24  Factory  
  59  5:25  Factory  
  59  5:26  SCV  
  60  5:29  SCV  
  60  5:35  Siege Tank, Supply Depot  
  64  5:39  SCV  
  64  5:41  SCV  
  64  5:42  Siege Tank  
  69  5:51  SCV  
  69  5:52  Corvid Reactor  
  69  5:53  SCV  
  71  6:04  SCV  
  72  6:05  SCV  
  72  6:06  Engineering Bay  
  73  6:11  Factory  
  73  6:12  Factory Tech Lab x2  
  73  6:16  SCV  
  73  6:17  SCV  
  72  6:38  Siege Tank x2  
  78  6:44  Command Center, Siege Tank  
  81  6:49  Supply Depot  
  81  6:50  Supply Depot  
  81  6:53  Supply Depot  
  81  6:56  Factory Tech Lab, Armory  
  81  7:01  Supply Depot  
  81  7:02  SCV x2  
  83  7:15  Command Center  
  83  7:19  Raven  
  85  7:26  Siege Tank  
  85  7:29  SCV  
  90  7:30  SCV  
  90  7:41  SCV  
  91  7:49  Missile Turret  
  91  7:51  Missile Turret, Siege Tank x2  
  97  7:56  Missile Turret  
  97  7:57  Refinery  
  97  7:59  Refinery  
  97  8:02  SCV x2  
  99  8:08  Raven  
  95  8:14  SCV  
  96  8:31  Orbital Command  
  96  8:39  Supply Depot x2  
  96  8:40  Siege Tank x2, Supply Depot  
  102  8:52  Supply Depot x2  
  102  8:53  Supply Depot  
  102  8:54  Planetary Fortress, Supply Depot  
  102  8:55  Sensor Tower  
  102  8:59  SCV  
  102  9:00  SCV  
  105  9:08  Siege Tank  
  107  9:21  Orbital Command  
  107  9:27  Siege Tank  
  107  9:28  Siege Tank x2  
  105  9:35  Siege Tank  
  105  9:48  Siege Tank  
  105  9:51  SCV  
  105  9:52  SCV x3  
  112  9:56  Terran Vehicle Weapons Level 1  
  112  10:02  Siege Tank  
  112  10:03  Siege Tank  
  116  10:08  Refinery  
  116  10:10  Missile Turret  
  114  10:15  Missile Turret  
  114  10:18  Missile Turret, Siege Tank  
  114  10:19  Siege Tank  
  120  10:23  Missile Turret x3  
  120  10:26  Missile Turret  
  120  10:31  SCV x4  
  124  10:36  Command Center  
  124  10:38  Missile Turret  
  124  10:40  Siege Tank x2  
  130  10:43  SCV x4  
  134  11:02  Siege Tank x3  
  143  11:08  Refinery  
  143  11:13  SCV x4  
  143  11:14  Sensor Tower  
  143  11:18  Armory  
  147  11:23  Siege Tank x2  
  153  11:34  Siege Tank  
  153  11:38  Siege Tank  
  159  11:50  Planetary Fortress  
  159  11:53  Siege Tank  
  162  11:55  Siege Tank  
  162  11:58  Siege Tank  
  168  12:11  Siege Tank x2  
  174  12:25  Siege Tank  
  177  12:45  Siege Tank x4  
  188  12:56  Missile Turret  
  188  12:57  Siege Tank  
  191  12:58  Terran Vehicle And Ship Armor Level 1  
  191  12:59  Terran Vehicle Weapons Level 2  
  189  13:17  Thor  
  195  13:21  Missile Turret  
  188  13:34  Thor x2  
  188  13:35  Missile Turret  
  188  13:39  Missile Turret  
  200  13:52  Missile Turret  
  200  14:05  Missile Turret  
  200  14:07  Missile Turret  
  200  14:12  Missile Turret  
  191  14:56  Missile Turret  
  191  14:57  Missile Turret  
  191  14:59  Missile Turret  
  179  15:17  Missile Turret, Thor x3  
  179  15:18  Siege Tank  
  200  15:25  Missile Turret  
  200  15:27  Missile Turret  
  194  15:51  Supply Depot x2  
  194  15:57  Supply Depot  
  194  15:58  Supply Depot  
  193  16:13  Siege Tank x2  
  198  16:27  Siege Tank  
  198  16:30  Siege Tank  
  194  16:55  Supply Depot x2  
  194  16:56  Supply Depot  
Show
View Real Time Build Order
Export as new Build Order

Musumeci Zerg 

Build Orders: Hatch First 

Get SALT Encoding   

  12  0:01  Drone  
  13  0:11  Drone  
  14  0:14  Extractor  
  14  0:15  Drone  
  15  0:41  Hatchery  
  14  0:47  Drone, Extractor  
  15  1:02  Spawning Pool  
  14  1:13  Drone, Extractor  
  14  1:17  Drone, Extractor  
  14  1:21  Drone, Extractor  
  16  1:27  Overlord  
  17  1:46  Drone x2  
  19  1:49  Queen  
  21  1:54  Queen  
  21  2:00  Drone  
  24  2:04  Overlord  
  24  2:22  Drone  
  25  2:25  Queen  
  25  2:29  Queen  
  27  2:30  Drone  
  27  2:33  Drone  
  27  2:34  Drone  
  32  2:37  Drone  
  32  2:40  Drone  
  34  2:45  Overlord  
  34  2:58  Drone x2  
  35  3:04  Drone x6  
  35  3:05  Drone  
  42  3:13  Extractor  
  42  3:15  Extractor  
  42  3:16  Drone x2  
  42  3:17  Roach Warren  
  41  3:46  Drone  
  41  3:47  Overlord x2  
  42  3:50  Drone x2, Extractor  
  42  3:51  Drone  
  44  4:02  Overlord x3  
  44  4:07  Roach x4  
  52  4:10  Extractor  
  52  4:13  Hatchery  
  50  4:21  Drone x3  
  50  4:22  Drone  
  54  4:24  Drone x2  
  54  4:30  Spore Crawler  
  55  4:32  Spore Crawler  
  54  5:03  Roach  
  54  5:04  Roach x9  
  74  5:33  Spore Crawler  
  74  5:34  Drone x7  
  80  5:46  Drone, Spore Crawler  
  80  5:47  Drone  
  80  5:48  Spore Crawler  
  80  5:50  Drone  
  80  5:51  Drone  
  82  6:00  Lair  
  82  6:05  Evolution Chamber  
  82  6:06  Evolution Chamber  
  72  6:33  Spore Crawler  
  72  6:34  Spore Crawler x3  
  72  6:37  Overlord x4  
  72  6:38  Ravager x2  
  72  6:39  Ravager x8  
  78  6:42  Drone x3, Extractor  
  78  6:44  Drone x2, Extractor  
  78  6:45  Drone  
  78  6:46  Overlord  
  82  6:47  Overlord x3  
  82  6:52  Zerg Ground Armor Level 1, Zerg Missile Weapons Level 1  
  82  6:57  Glial Reconstitution  
  82  6:59  Burrow  
  82  7:33  Roach x6  
  82  7:34  Roach x11  
  117  7:44  Drone  
  117  7:48  Zergling x2  
  117  7:49  Zergling x2  
  119  8:01  Drone x6  
  119  8:05  Infestation Pit  
  124  8:09  Roach  
  124  8:10  Roach x5  
  130  8:16  Tunneling Claws  
  127  8:47  Overlord x4  
  121  8:49  Zerg Missile Weapons Level 2, Zerg Ground Armor Level 2  
  121  9:01  Drone x4  
  121  9:02  Drone  
  126  9:05  Drone x2  
  126  9:06  Drone x6  
  134  9:29  Extractor  
  119  9:31  Hatchery  
  119  9:32  Extractor  
  113  9:40  Spire  
  113  9:41  Spire  
  112  9:46  Roach x2  
  112  9:58  Roach x2  
  112  9:59  Roach x3  
  99  10:16  Roach x6  
  99  10:17  Roach x8  
  99  10:20  Roach x2  
  99  10:21  Roach  
  127  10:22  Roach  
  127  10:35  Overlord x3  
  127  10:36  Overlord  
  127  10:39  Drone x2  
  127  10:40  Drone x3  
  127  10:41  Drone  
  127  10:42  Drone  
  134  10:43  Drone x6  
  134  10:44  Drone  
  131  11:11  Corruptor x10  
  151  11:19  Corruptor x5  
  161  11:28  Ravager x8  
  165  11:45  Roach x2  
  165  11:46  Corruptor  
  165  11:47  Corruptor x5  
  176  11:57  Ravager x5  
  180  12:25  Zerg Flyer Weapons Level 1  
  180  12:29  Roach x2  
  131  13:21  Corruptor x17  
  149  13:31  Corruptor  
  149  13:32  Corruptor  
  117  14:27  Ravager x3  
  112  14:33  Hive  
  112  14:42  Roach x10  
  112  14:43  Roach x2  
  115  15:19  Corruptor x10  
  115  15:20  Corruptor x6  
  147  15:26  Ravager x2  
  147  15:27  Ravager x5  
  123  16:10  Roach x16  
  126  16:35  Corruptor x2  
  116  16:49  Mutalisk x5  
  116  16:50  Mutalisk x3  
Show
View Real Time Build Order
Export as new Build Order

MichyMoko Zerg 

Build Orders: Hatch First 

Get SALT Encoding   

  12  0:02  Drone  
  13  0:14  Overlord  
  13  0:17  Drone  
  14  0:32  Drone  
  14  0:33  Drone  
  16  0:37  Drone  
  17  0:59  Hatchery  
  17  1:02  Drone  
  17  1:14  Spawning Pool, Drone  
  17  1:20  Drone, Extractor  
  17  1:24  Drone  
  18  1:36  Drone  
  19  1:44  Drone  
  20  2:00  Queen  
  22  2:11  Queen  
  24  2:21  Zergling x2, Overlord  
  24  2:22  Zergling x2  
  25  2:26  Metabolic Boost  
  25  2:32  Overlord  
  25  2:33  Drone  
  25  2:34  Drone  
  25  2:36  Drone  
  28  2:56  Queen  
  30  3:14  Drone x2, Zergling x4  
  30  3:15  Drone x5  
  39  3:23  Roach Warren  
  39  3:26  Extractor  
  37  3:28  Overlord  
  37  3:31  Drone  
  38  3:46  Drone, Zergling x4  
  38  3:47  Drone  
  39  4:32  Spore Crawler  
  37  4:46  Spore Crawler  
  36  4:56  Extractor  
  36  4:57  Extractor  
  34  5:07  Lair  
  34  5:23  Drone x3  
  34  5:26  Overlord x2  
  34  5:27  Overlord  
  37  5:47  Roach  
  37  5:48  Roach  
  41  5:51  Roach x5  
  51  5:59  Overlord x2  
  51  6:00  Drone x4  
  51  6:01  Drone x8, Evolution Chamber  
  51  6:02  Evolution Chamber  
  61  6:21  Hatchery, Hydralisk Den  
  59  6:33  Roach x3  
  65  6:42  Ravager x2  
  67  6:56  Zerg Missile Weapons Level 1  
  67  6:57  Zerg Ground Armor Level 1  
  67  7:01  Muscular Augments, Hydralisk  
  67  7:02  Hydralisk x3  
  67  7:05  Overlord  
  75  7:17  Hydralisk x2  
  75  7:18  Hydralisk  
  81  7:27  Hydralisk  
  81  7:28  Hydralisk  
  85  7:54  Overlord x2, Hydralisk  
  85  7:55  Hydralisk x3  
  93  8:08  Drone x3  
  96  8:13  Drone x2  
  96  8:14  Drone  
  96  8:17  Overlord  
  96  8:18  Overlord  
  96  8:19  Hydralisk  
  99  8:26  Hydralisk  
  103  8:28  Hydralisk  
  105  8:38  Hydralisk  
  105  8:39  Hydralisk  
  109  8:54  Hydralisk  
  109  8:55  Hydralisk x4  
  113  9:00  Overseer  
  119  9:04  Zerg Missile Weapons Level 2  
  119  9:10  Zerg Ground Armor Level 2  
  107  9:39  Hydralisk  
  107  9:40  Hydralisk x7  
  118  9:47  Hydralisk  
  118  9:48  Hydralisk  
  118  10:10  Drone  
  118  10:11  Drone x5  
  124  10:14  Drone x2, Extractor  
  124  10:15  Drone, Overlord x3, Extractor  
  125  10:28  Overlord x2  
  125  10:29  Hydralisk x2  
  129  10:38  Infestation Pit  
  128  10:45  Drone x2  
  128  10:48  Hydralisk x2  
  128  10:49  Hydralisk x2  
  138  10:53  Overseer  
  138  11:24  Hydralisk  
  138  11:25  Hydralisk x6  
  152  11:32  Hatchery  
  151  11:51  Hive  
  151  11:54  Hydralisk  
  151  11:55  Hydralisk x5  
  151  11:56  Hydralisk  
  165  12:12  Hydralisk  
  165  12:13  Hydralisk  
  169  12:16  Overlord x3  
  169  12:28  Ravager  
  170  12:34  Ravager  
  170  12:35  Ravager x4  
  117  13:06  Overseer  
  117  13:15  Hydralisk  
  117  13:16  Hydralisk x12  
  117  13:17  Hydralisk x3  
  132  13:33  Hydralisk x4  
  107  13:44  Queen  
  107  13:48  Zerg Missile Weapons Level 3  
  87  14:04  Hydralisk  
  87  14:05  Hydralisk x5  
  99  14:28  Hydralisk  
  99  14:29  Hydralisk x5  
  105  14:58  Roach x2  
  105  14:59  Roach x9  
  108  15:23  Hydralisk x7  
  108  15:24  Hydralisk x2  
  121  15:32  Ravager x2  
  121  15:33  Ravager x6  
  122  16:11  Hydralisk x7  
  122  16:12  Hydralisk x3  
  106  16:40  Hydralisk  
  106  16:41  Hydralisk x7  
Tags
 
Add a new tag
Caveats
  • Supply blocks, unpowered buildings, or Contaminate may cause inaccurate times.
  • Supply counts are checked every 10 seconds.